 Dungeon Crawl Stone Soup version 0.29-a0-520-gc852659d43 (webtiles) character file.

Game seed: 14409905933088857611

58300 Crownlay the Severer (level 14, -9/121 HPs)
             Began as a Hill Orc Fighter on May 31, 2022.
             Mangled by an orc knight
             ... wielding a +1 bardiche of protection
              (45 damage)
             ... on level 1 of the Orcish Mines.
             The game lasted 00:44:03 (17320 turns).

Crownlay the Severer (Hill Orc Fighter)            Turns: 17320, Time: 00:44:04

Health: -9/121     AC: 17    Str: 24    XL:     14   Next: 90%
Magic:  35/35      EV:  7    Int:  8    God:
Gold:   534        SH: 12    Dex: 10    Spells: 13/13 levels left

rFire   . . .      SeeInvis .   r - +9 hand axe "Cimacuur" {freeze, rPois}
rCold   . . .      Faith    .   R - +0 kite shield
rNeg    . . .      Spirit   .   M - +2 chain mail {Will+}
rPois   +          Reflect  .   e - +0 helmet
rElec   +          Harm     .   t - +1 cloak {Stlth+}
rCorr   +          Rampage  .   C - +0 pair of gloves
Will    +++..                   o - +0 pair of boots of Gravity {Will+ Stlth+}
Stlth   ..........              y - amulet of regeneration
HPRegen 1.10/turn               Z - ring of Temptation {rElec rPois MP+9}
MPRegen 0.24/turn               W - ring of resist corrosion

@: on berserk cooldown, slowed, very slow
A: no striking features
a: no special abilities


You were on level 1 of the Orcish Mines.
You visited 4 branches of the dungeon, and saw 18 of its levels.
You also visited: Sewer.

You collected 1024 gold pieces.
You spent 490 gold pieces at shops.

Inventory:

Hand Weapons
 r - the +9 hand axe "Cimacuur" (weapon) {freeze, rPois}
   (You found it on level 3 of the Dungeon)

   It freezes those it strikes, dealing additional cold damage.
   It can also slow down cold-blooded creatures.
   rPois:     It protects you from poison.
 U - a +3 eveningstar
 X - a +0 broad axe
Missiles
 c - 22 poisoned darts
 l - 4 throwing nets
 u - 4 datura-tipped darts
 Q - 7 boomerangs (quivered)
 T - 7 silver boomerangs
Armour
 d - a +2 chain mail of cold resistance
 e - a +0 helmet (worn)
 o - the +0 pair of boots of Gravity (worn) {Will+ Stlth+}
   (You found it on level 4 of the Lair of Beasts)

   Will:      It increases your willpower.
   Stlth:     It makes you more stealthy.
 t - a +1 cloak of stealth (worn)
 C - a +0 pair of gloves (worn)
 F - a +2 chain mail of fire resistance
 M - a +2 chain mail of willpower (worn)
 R - a +0 kite shield (worn)
Jewellery
 v - a ring of protection from cold
 y - an amulet of regeneration (around neck)
 W - a ring of resist corrosion (right hand)
 Z - the ring of Temptation (left hand) {rElec rPois MP+9}
   (You found it on level 6 of the Lair of Beasts)

   [ring of magical power]

   rElec:     It insulates you from electricity.
   rPois:     It protects you from poison.
   MP:        It affects your magic capacity (+9).
Wands
 H - a wand of polymorph (6)
 K - a wand of paralysis (9)
 L - a wand of flame (1)
 S - a wand of acid (1)
 Y - a wand of mindburst (5)
Scrolls
 a - 4 scrolls of magic mapping
 b - a scroll of summoning
 j - 3 scrolls of fear
 k - 4 scrolls of enchant armour
 n - a scroll of silence
 p - 2 scrolls of poison {unknown}
 q - 3 scrolls of blinking
 s - 7 scrolls of teleportation
 w - 3 scrolls of fog {unknown}
 z - a scroll of enchant weapon {unknown}
 A - 3 scrolls of brand weapon {unknown}
 D - a scroll of acquirement {unknown}
 G - 3 scrolls of vulnerability {unknown}
Potions
 f - 2 potions of haste
 g - 2 potions of cancellation
 h - 3 potions of berserk rage
 i - 4 potions of curing
 m - 6 potions of resistance
 x - a potion of ambrosia {unknown}
 B - 4 potions of heal wounds
 E - a potion of invisibility {unknown}
 I - a potion of flight {unknown}
 J - a potion of magic
 O - 3 potions of mutation {unknown}
 P - 2 potions of attraction


   Skills:
 - Level 10.0 Fighting
 * Level 18.3(18.8) Axes
 - Level 6.3(11.9) Maces & Flails
 + Level 5.7 Throwing
 - Level 5.0 Armour
 + Level 14.7 Shields
 - Level 16.0 Invocations


You had 13 spell levels left.
You didn't know any spells.
Your spell library contained the following spells:

 Spells                   Type           Power      Damage    Failure   Level
 Beastly Appendage        Tmut           0%         N/A       99%         1
 Ensorcelled Hibernation  Hex/Ice        0%         N/A       100%        2
 Passwall                 Tmut/Erth      0%         N/A       100%        2
 Static Discharge         Conj/Air       0%         N/A       100%        2
 Wereblood                Tmut           0%         N/A       100%        2
 Dazzling Flash           Conj/Hex       0%         N/A       100%        3
 Ignite Poison            Fire/Tmut/Pois 0%         N/A       100%        3
 Mephitic Cloud           Conj/Pois/Air  0%         N/A       100%        3
 Ozocubu's Armour         Ice            0%         N/A       100%        3
 Spider Form              Tmut/Pois      0%         N/A       100%        3
 Summon Guardian Golem    Hex/Summ       0%         N/A       100%        3
 Swiftness                Air            0%         N/A       100%        3
 Dispel Undead            Necr           0%         3d6       100%        4
 Iskenderun's Mystic Bla  Conj/Tloc      0%         2d3       100%        4
 Sticky Flame             Conj/Fire      0%         2d3       100%        4
 Fireball                 Conj/Fire      0%         3d3       100%        5
 Freezing Cloud           Conj/Ice/Air   0%         6-21      100%        5
 Iskenderun's Battlesphe  Conj           0%         2d6       100%        5
 Iron Shot                Conj/Erth      0%         9d1       100%        6
 Starburst                Conj/Fire      0%         6d3       100%        6
 Orb of Destruction       Conj           0%         9d5       100%        7
 Ozocubu's Refrigeration  Ice            0%         4d5       100%        7
 Spellforged Servitor     Conj/Summ      0%         N/A       100%        7
 Borgnjor's Revivificati  Necr           0%         N/A       100%        8
 Ignition                 Fire           0%         3d3       100%        8
 Necromutation            Tmut/Necr      0%         N/A       100%        8
 Death's Door             Necr           0%         N/A       100%        9


Dungeon Overview and Level Annotations

Branches:
Dungeon (10/15)            Temple (1/1) D:7            Lair (6/6) D:10
  Swamp (0/4) Lair:3        Snake (0/4) Lair:2        Slime (0/5) Lair:5
    Orc (1/2) D:10          Sewer (visited)

Altars:
Ashenzari
Cheibriados
Dithmenos
Elyvilon
Fedhas
Gozag
Hepliaklqana
Kikubaaqudgha
Makhleb
Nemelex Xobeh
Okawaru
Qazlal
Ru
Sif Muna
Trog
Uskayaw
Vehumet
Wu Jian
Xom
Yredelemnul
Zin
The Shining One
Jiyva
Lugonu

Shops:
D:8 *?   D:10 =

Portals:
Abyss: Lair:6

Annotations:
D:6 2 transporters, NigelTetley's ghost, novice OpTm
D:9 3 runed translucent doors, eyesofgods1's ghost, novice OpSu
D:10 exclusion: ice statue
Lair:6 1 runed translucent door, HoaS's ghost, journeyman TrGl


Message History

You slash the orc sorcerer! You freeze the orc sorcerer. You slash the ogre!
You freeze the ogre.
The orc sorcerer hits you but does no damage.
You slash the ogre! You freeze the ogre.
You kill the ogre!
You slash the ogre! You freeze the ogre. You closely miss the orc sorcerer.
You block the ogre's attack. You block the orc sorcerer's attack.
An orc warrior comes into view. It is wielding a +0 mace.
The orc knight hits you from afar with a +1 bardiche of protection!!
* * * LOW HITPOINT WARNING * * *
The orc warrior shouts!
You hear a shout!
You are too injured to fight recklessly!
You are too injured to fight recklessly!
You are too injured to fight recklessly!
You are too injured to fight recklessly!
You are too injured to fight recklessly!
You are too injured to fight recklessly!
You are too injured to fight recklessly!
You are too injured to fight recklessly!
You are too injured to fight recklessly!
You are too injured to fight recklessly!
You are too injured to fight recklessly!
You are too injured to fight recklessly!
You are too injured to fight recklessly!
You are too injured to fight recklessly!
You are too injured to fight recklessly!
You are too injured to fight recklessly!
You are too injured to fight recklessly!
You slash the ogre! You freeze the ogre.
You kill the ogre!
You slash the orc sorcerer! You freeze the orc sorcerer.
You block the orc sorcerer's attack. You block the orc knight's attack.
You barely miss the orc sorcerer.
The orc sorcerer is almost dead.
The orc sorcerer gestures at you while chanting.
The bolt of fire misses you.
An orc warrior comes into view. It is wielding a +0 halberd.
An orc comes into view.
It is wielding a +2 hand axe of flaming.
The orc knight hits you from afar with a +1 bardiche of protection!!!
You die...

##...........#.
#.....oo.......
#.......(.(.
###...o.$.....
##.......>.....
##..............
###.......o)......
##.....#.##)...........
#.....#.#.#@o.........
##.........#)........
#...............#...#
#................##.##
##.##.#.........##...#
##..................#.#
#....##................
##..##.##.#.##....#....
#..... ##.......## #


You could see an orc knight (strong), an orc sorcerer (strong), 2 orc warriors
and an orc (strong).

Vanquished Creatures
  Josephine (Lair:6)
  Harold (Lair:1)
  A catoblepas (Lair:2)
  A boulder beetle (Lair:4)
  3 hydras
  2 two-headed ogres
  7 death yaks
  3 thrashing horrors (Lair:6)
  Amaemon (Lair:1)
  An orc knight (Orc:1)
  An orc sorcerer (Orc:1)
  4 ugly things (Lair:6)
  Maurice (D:10)
  8 black mambas
  An orange demon (Lair:1)
  13 elephants (Lair:6)
  3 smoke demons (Lair:6)
  Psyche (D:10)
  11 cane toads
  Maggie (D:8)
  6 rime drakes
  8 komodo dragons
  3 polar bears
  An ancient zyme (Lair:6)
  5 trolls
  2 tyrant leeches (Lair:3)
  A hornet (D:7)
  23 blink frogs
  10 small abominations (Lair:6)
  4 dream sheep (Lair:6)
  2 meliai zombies (D:10)
  3 wraiths (Lair:6)
  A large abomination (Lair:6)
  2 spriggans
  A shadow (D:10)
  Sigmund (D:3)
  7 wyverns
  2 ynoxinuls (Lair:6)
  48 yaks
  6 basilisks
  A chaos spawn (Lair:6)
  A steam dragon (Lair:3)
  4 nagas (Lair:2)
  11 water moccasins
  5 black bears
  10 orc warriors
  7 ogres
  2 centaurs
  8 wolves (Lair:4)
  2 phantoms
  4 kobold brigands
  9 bullfrogs
  3 scorpions
  6 necrophages
  A gnoll sergeant (D:9)
  5 wights
  8 killer bees (D:9)
  2 electric eels (D:10)
  A howler monkey (D:5)
  A centaur zombie (D:10)
  2 hounds (D:6)
  A human zombie (D:10)
  2 jellies (D:5)
  Crazy Yiuf (D:3)
  5 orc priests
  Jessica (D:3)
  Terence (D:3)
  3 iguanas
  17 orc wizards
  4 mummies (D:10)
  9 gnolls
  7 adders
  2 shadow imps
  3 ufetubi
  6 worms
  3 dart slugs
  46 orcs
  5 bats
  6 endoplasms
  3 giant cockroaches
  6 hobgoblins
  3 jackals (D:4)
  21 kobolds
  2 quokkas
  7 ball pythons
  6 frilled lizards
  8 goblins
  6 rats
478 creatures vanquished.

Vanquished Creatures (collateral kills)
  Urug (D:10)
  2 death yaks (Lair:3)
3 creatures vanquished.

Vanquished Creatures (others)
  An orc (Orc:1)
  13 fungi
  22 plants
36 creatures vanquished.

Grand Total: 517 creatures vanquished

Notes
Turn   | Place    | Note
-------+----------+-------------------------------------------
     0 | D:1      | Crownlay the Hill Orc Fighter began the quest for the Orb.
     0 | D:1      | Reached XP level 1. HP: 19/19 MP: 1/1
   206 | D:1      | Reached skill level 3 in Axes
   217 | D:1      | Reached XP level 2. HP: 26/27 MP: 2/2
   711 | D:1      | Found a faded altar of an unknown god.
   716 | D:1      | Reached XP level 3. HP: 30/33 MP: 3/3
  1910 | D:3      | Noticed Terence
  1918 | D:3      | Reached skill level 4 in Axes
  1918 | D:3      | Killed Terence
  1919 | D:3      | Reached XP level 4. HP: 39/40 MP: 4/4
  1923 | D:3      | Identified the +9 hand axe "Cimacuur" {freeze, rPois}
  2027 | D:3      | Noticed Sigmund
  2040 | D:3      | Killed Sigmund
  2041 | D:3      | Reached skill level 5 in Axes
  2041 | D:3      | Reached XP level 5. HP: 29/47 MP: 2/5
  2041 | D:3      | Reached XP level 6. HP: 34/55 MP: 2/6
  2234 | D:3      | Noticed Jessica
  2242 | D:3      | Killed Jessica
  2416 | D:3      | Found a runed translucent door.
  2417 | D:3      | Noticed Crazy Yiuf
  2541 | D:3      | Killed Crazy Yiuf
  2629 | D:4      | Reached skill level 5 in Fighting
  2741 | D:4      | Reached skill level 6 in Axes
  2751 | D:4      | Identified the +8 spear of the Glimmering Priest {pain,
                  | rElec rCorr}
  2936 | D:4      | Reached XP level 7. HP: 61/61 MP: 7/7
  2957 | D:4      | Noticed a wyvern
  2962 | D:4      | Killed a wyvern
  2963 | D:4      | Reached skill level 7 in Axes
  2963 | D:4      | Reached skill level 5 in Armour
  2963 | D:4      | Reached skill level 5 in Shields
  3219 | D:4      | Found a white marble altar of Elyvilon.
  3219 | D:4      | Found a glowing golden altar of the Shining One.
  3219 | D:4      | Found a glowing silver altar of Zin.
  3280 | D:4      | Found a shadowy altar of Dithmenos.
  3285 | D:4      | Reached skill level 8 in Axes
  3533 | D:5      | Entered Level 5 of the Dungeon
  3596 | D:5      | Reached XP level 8. HP: 68/68 MP: 8/8
  3641 | D:5      | Found a snail-covered altar of Cheibriados.
  3649 | D:5      | Reached skill level 9 in Axes
  4372 | D:5      | Reached skill level 10 in Axes
  4591 | D:5      | Found a shimmering blue altar of Sif Muna.
  4682 | D:6      | Found a transporter.
  4689 | D:6      | Found a glowing drain.
  4709 | Sewer    | Entered a sewer
  5120 | D:6      | Reached skill level 11 in Axes
  5120 | D:6      | Reached XP level 9. HP: 49/74 MP: 9/9
  5240 | D:6      | Identified the +6 spear "Jeimpat" {drain, *Noise rF+ rC+
                  | Int+7}
  5289 | D:6      | Noticed NigelTetley's ghost (novice OpTm)
  5290 | D:6      | Noticed a two-headed ogre
  5308 | D:6      | Noticed a two-headed ogre
  5332 | D:6      | Killed a two-headed ogre
  5333 | D:6      | Reached skill level 12 in Axes
  5567 | D:6      | Reached skill level 13 in Axes
  5614 | D:6      | Found a transporter.
  5899 | D:7      | Found a staircase to the Ecumenical Temple.
  5899 | D:7      | Noticed a hornet
  5912 | D:7      | Killed a hornet
  5926 | D:7      | Reached skill level 14 in Axes
  5935 | D:7      | Reached skill level 1 in Invocations
  6087 | D:7      | Reached XP level 10. HP: 79/81 MP: 11/11
  6866 | D:8      | Found Dajompopn's Magic Scroll Boutique.
  6906 | D:8      | Bought a scroll of torment for 105 gold pieces
  6906 | D:8      | Bought a scroll of enchant armour for 105 gold pieces
  6906 | D:8      | Bought a scroll of magic mapping for 49 gold pieces
  6906 | D:8      | Bought a scroll of blinking for 105 gold pieces
  6969 | D:8      | Noticed Maggie
  6982 | D:8      | Killed Maggie
  7024 | D:8      | Found Hogauma's Evil Emporium.
  7117 | D:8      | Found a sparkling altar of Nemelex Xobeh.
  7117 | D:8      | Found a bloodstained altar of Trog.
  7119 | D:8      | Found a sacrificial altar of Ru.
  7119 | D:8      | Found a hide-covered altar of Uskayaw.
  7581 | D:9      | Found a runed translucent gate.
  7581 | D:9      | Found a runed translucent gate.
  7582 | D:9      | Found a runed translucent gate.
  7587 | D:9      | Noticed eyesofgods1's ghost (novice OpSu)
  7651 | D:9      | Found a burning altar of Makhleb.
  7692 | D:9      | Reached skill level 5 in Invocations
  8381 | D:10     | Entered Level 10 of the Dungeon
  8474 | D:10     | Noticed Psyche
  8560 | D:10     | Killed Psyche
  8616 | D:10     | Reached skill level 10 in Shields
  8616 | D:10     | Reached XP level 11. HP: 88/95 MP: 16/16
  8765 | D:10     | Found an iron altar of Okawaru.
  8980 | D:10     | Noticed Urug
  8987 | D:10     | Killed Urug
  9103 | D:10     | Noticed Maurice
  9114 | D:10     | Killed Maurice
  9174 | D:10     | Found an ancient bone altar of Kikubaaqudgha.
  9287 | D:10     | Found Xamn's Jewellery Shop.
  9321 | D:10     | Noticed a two-headed ogre
  9328 | D:10     | Killed a two-headed ogre
  9365 | D:10     | Found a staircase to the Lair.
  9533 | D:10     | Found a staircase to the Orcish Mines.
 10087 | Temple   | Entered the Ecumenical Temple
 10543 | D:8      | Bought a scroll of teleportation for 42 gold pieces
 10543 | D:8      | Bought a scroll of identify for 28 gold pieces
 10543 | D:8      | Bought a scroll of identify for 28 gold pieces
 10543 | D:8      | Bought a scroll of identify for 28 gold pieces
 10667 | Lair:1   | Entered Level 1 of the Lair of Beasts
 10759 | Lair:1   | Noticed Amaemon
 10784 | Lair:1   | Killed Amaemon
 10785 | Lair:1   | Reached skill level 1 in Maces & Flails
 10788 | Lair:1   | Reached skill level 10 in Fighting
 10931 | Lair:1   | Reached skill level 10 in Invocations
 10947 | Lair:1   | Reached XP level 12. HP: 45/106 MP: 18/20
 11247 | Lair:1   | Noticed Harold
 11255 | Lair:1   | Killed Harold
 11676 | Lair:2   | Found a staircase to the Snake Pit.
 11866 | Lair:2   | Noticed a catoblepas
 11882 | Lair:2   | Killed a catoblepas
 11958 | Lair:2   | Reached skill level 5 in Maces & Flails
 12107 | Lair:2   | Noticed a six-headed hydra
 12117 | Lair:2   | Killed a six-headed hydra
 12319 | Lair:2   | Identified the +1 chain mail "Mulullu" {rN+ Dex+3}
 12611 | Lair:3   | Noticed a death yak
 12611 | Lair:3   | Noticed a death yak
 12631 | Lair:3   | Killed a death yak
 12645 | Lair:3   | Killed a death yak
 12711 | Lair:3   | Noticed a death yak
 12711 | Lair:3   | Noticed a death yak
 12711 | Lair:3   | Noticed a death yak
 12726 | Lair:3   | Noticed a death yak
 12730 | Lair:3   | Killed a death yak
 12736 | Lair:3   | Killed a death yak
 12737 | Lair:3   | Killed a death yak
 12738 | Lair:3   | Reached XP level 13. HP: 95/113 MP: 23/23
 12851 | Lair:3   | Found a staircase to the Swamp.
 13465 | Lair:4   | Reached skill level 15 in Invocations
 13482 | Lair:4   | Reached skill level 1 in Throwing
 13546 | Lair:4   | Identified the +0 pair of boots of Gravity {Will+ Stlth+}
 13654 | Lair:4   | Reached skill level 15 in Axes
 13801 | Lair:4   | You fall into a shaft and drop 2 floors!
 13801 | Lair:6   | Entered Level 6 of the Lair of Beasts
 13801 | Lair:6   | Found a runed translucent door.
 14266 | Lair:5   | Reached skill level 16 in Axes
 14266 | Lair:5   | Reached XP level 14. HP: 121/121 MP: 26/26
 14903 | Lair:5   | Found a staircase to the Slime Pits.
 14904 | Lair:5   | Found a viscous altar of Jiyva.
 15625 | Lair:6   | Identified the +1 robe of Dim Light {rElec rC+ Int-4
                  | Stlth+}
 15763 | Lair:6   | Reached skill level 17 in Axes
 15823 | Lair:6   | Noticed Josephine
 15837 | Lair:6   | Killed Josephine
 15924 | Lair:6   | Noticed HoaS's ghost (journeyman TrGl)
 16273 | Lair:6   | Reached skill level 5 in Throwing
 16664 | Lair:6   | Reached skill level 18 in Axes
 16752 | Lair:6   | Found a corrupted altar of Lugonu.
 16752 | Lair:6   | Found a one-way gate to the infinite horrors of the Abyss.
 16758 | Lair:6   | Identified the ring of Temptation {rElec rPois MP+9}
 17179 | Orc:1    | Entered Level 1 of the Orcish Mines
 17320 | Orc:1    | Mangled by an orc knight

Illustrated notes

Levels and vault maps discovered:
D:1:      scummos_arrival_gate, layout_basic, dreamdust_ecumenical_altar_grove
D:2:      layout_basic, minmay_misc_feat_cross
D:3:      layout_rooms, uniq_terence, uniq_crazy_yiuf_cottage, uniq_jessica,
          uniq_sigmund
D:4:      layout_loops_cross, good_gods_mini_temple, lemuel_crystal_altar
D:5:      layout_basic, cheibriados_altar_1,
          mainiacjoe_overflow_surrounded_room, st_stairs_6, minmay_small_thing
D:6:      layout_cave_pools, gammafunk_ghost_arena, cheibrodos_sewer_entry_drain
D:7:      layout_basic, minmay_temple_entry_grid
D:8:      layout_rooms, mainiacjoe_overflow_alcove_3, serial_shops, shop,
          nicolae_evil_shop, uniq_maggie
D:9:      layout_loops_corners, mainiacjoe_overflow_small_starburst,
          gammafunk_ghost_spectres
D:10:     nicolae_BIG_FREAKIN_CUBE, layout_basic, general_overflow_altar,
          lemuel_mausoleum_altar_kikubaaqudgha, david_orc_4, serial_shops,
          nicolae_shop_advertising_works [nicolae_subvault_shop_adworks],
          minivault_15, uniq_urug, uniq_maurice, uniq_psyche
Temple:   jpeg_temple_island
Lair:1:   layout_small_grid, uniq_amaemon, uniq_harold
Lair:2:   hellmonk_destroyed_diamonds, layout_regular_city,
          minmay_snake_entry_guardpost_small
Lair:3:   layout_regular_city, minmay_swamp_entry_worms
Lair:4:   layout_loops_ring, grunt_forest_stairs_clearing
Lair:5:   layout_cellular_growth, slime_altar_1
Lair:6:   hellmonk_lair_end_abyssal_woods, layout_hall_layers,
          ebering_ghost_inner_flame, grunt_megastairs_3, uniq_josephine
Orc:1:    layout_caves

Skill      XL: |  1  2  3  4  5  6  7  8  9 10 11 12 13 14 |
---------------+-------------------------------------------+-----
Axes           | 3 4 5 6 8 11 14 16 18 | 18.3
Fighting       | 4 5 8 10 | 10.0
Armour         | 4 5 |  5.0
Shields        | 4 5 7 8 10 11 12 13 14 | 14.7
Invocations    | 2 6 10 14 16 | 16.0
Maces & Flails | 3 6 |  6.3
Throwing       | 3 5 |  5.7

Action                   |  1- 3 |  4- 6 |  7- 9 | 10-12 | 13-15 || total
-------------------------+-------+-------+-------+-------+-------++-------
Melee: War axe           |   109 |       |       |       |       ||   109
       Hand axe          |       |    52 |   252 |   536 |   697 ||  1537
       Eveningstar       |       |       |       |     8 |    12 ||    20
Throw: Dart              |       |       |       |    17 |    12 ||    29
       Boomerang         |       |       |       |     5 |     3 ||     8
       Javelin           |       |       |       |     5 |     7 ||    12
Evoke: Wand              |       |       |       |     4 |       ||     4
  Use: Potion            |     1 |       |     1 |     2 |     2 ||     6
       Scroll            |       |       |     5 |    10 |     7 ||    22
 Stab: Petrified         |       |       |       |     7 |       ||     7
       Distracted        |       |       |       |     1 |       ||     1
Armor: Scale mail        |    60 |     3 |       |       |       ||    63
       Chain mail        |       |    20 |    83 |   205 |   335 ||   643
Dodge: Dodged            |    46 |    28 |    53 |    98 |   154 ||   379
Block: Buckler           |    28 |     9 |    47 |    23 |       ||   107
       Kite shield       |       |       |       |   156 |   373 ||   529

Table legend: (Time is in decaauts)
 A = Elapsed time spent in this place.
 B = Non-inter-level travel time spent in this place.
 C = Inter-level travel time spent in this place.
 D = Time resting spent in this place.
 E = Time spent auto-exploring this place.
 F = Levels seen in this place.
 G = Mean time per level.
                   A        B        C        D        E       F      G
               +--------+--------+--------+--------+--------+-----+--------+
         Total |  17108 |  15859 |   1249 |    604 |  12108 |  19 |  900.4 |
       Dungeon |  10074 |   9179 |    895 |    142 |   7572 |  10 | 1007.4 |
        Temple |    287 |    268 |     19 |      0 |    263 |   1 |  287.0 |
          Lair |   6165 |   5831 |    334 |    462 |   3988 |   6 | 1027.5 |
  Orcish Mines |    126 |    126 |      0 |      0 |     44 |   1 |  126.0 |
         Sewer |    455 |    455 |      0 |      0 |    239 |   1 |  455.0 |
               +--------+--------+--------+--------+--------+-----+--------+

Top non-repeatable levels by time:
    D:10: 1769 daAuts
  Lair:6: 1620 daAuts
     D:5: 1145 daAuts
     D:9: 1067 daAuts
  Lair:5: 1016 daAuts
     D:2: 996 daAuts
     D:1: 952 daAuts
     D:4: 941 daAuts
  Lair:1: 925 daAuts
  Lair:3: 915 daAuts
  Lair:2: 912 daAuts
     D:7: 894 daAuts
     D:8: 819 daAuts
     D:6: 792 daAuts
  Lair:4: 774 daAuts
